 Dungeon Crawl Stone Soup version 0.27-a0-972-gd1521fd518 (webtiles) character file.

Game seed: 17112468109913467320

2307 Alarkh the Insei (level 9, -2/68 HPs)
             Began as a Demonspawn Transmuter on Apr 13, 2021.
             Slain by a yak (9 damage)
             ... on level 6 of the Dungeon.
             The game lasted 00:09:40 (6297 turns).

Alarkh the Insei (Demonspawn Transmuter)            Turns: 6297, Time: 00:09:41

Health: -2/68      AC:  2    Str: 12    XL:     9   Next: 18%
Magic:  13/17      EV: 19    Int: 17    God:
Gold:   199        SH:  0    Dex: 18    Spells: 8/18 levels left

rFire    . . .     SeeInvis .     - Unarmed
rCold    . . .     Faith    .   (shield currently unavailable)
rNeg     . . .     Spirit   .   (armour currently unavailable)
rPois    .         Reflect  .   (helmet currently unavailable)
rElec    .         Harm     .   (cloak currently unavailable)
rCorr    +         Rampage  .   (gloves currently unavailable)
Will     .....                  (boots currently unavailable)
Stlth    ++........             (no amulet)
HPRegen  0.21/turn              w - ring of poison resistance
MPRegen  0.15/turn              v - ring of resist corrosion

@: spider-form
A: venomous fangs, tiny, (horns 1), powered by death 1, demonic magic 2
a: End Transformation


You were on level 6 of the Dungeon.
You were a venomous arachnid creature.
You visited 2 branches of the dungeon, and saw 7 of its levels.

You collected 270 gold pieces.
You spent 71 gold pieces at shops.

Inventory:

Missiles
 b - a throwing net
Armour
 a - a +0 robe
 n - a +1 leather armour of fire resistance (melded)
 p - a +2 helmet
Magical Staves
 y - a staff of air
Jewellery
 u - the ring of Puumionk {Wiz rF+++ rC- Stlth+}
   (You found it on level 5 of the Dungeon)

   [ring of wizardry]

   It improves your spell success rate.
   It renders you almost immune to fire.
   It makes you vulnerable to cold.
   It makes you more stealthy.
 v - a ring of resist corrosion (right front leg)
 w - a ring of poison resistance (left front leg)
Wands
 l - a wand of mindburst (4)
 m - a wand of polymorph (8)
 t - a wand of acid (7)
Scrolls
 d - 3 scrolls of magic mapping
 e - 7 scrolls of teleportation
 f - 3 scrolls of enchant armour {unknown}
 g - 2 scrolls of amnesia {unknown}
 h - 2 scrolls of acquirement {unknown}
 j - a scroll of summoning {unknown}
 o - 2 scrolls of fear
 r - a scroll of identify
 s - a scroll of enchant weapon {unknown}
 x - a scroll of vulnerability {unknown}
Potions
 c - a potion of berserk rage
 i - a potion of cancellation
 k - a potion of heal wounds
 q - a potion of degeneration {unknown}
 z - a potion of flight {unknown}


   Skills:
 + Level 5.4 Fighting
 - Level 1.7 Dodging
 * Level 7.7 Unarmed Combat
 + Level 5.3 Spellcasting
 + Level 5.2 Transmutations


You had 8 spell levels left.
You knew the following spells:

 Your Spells              Type           Power      Damage    Failure   Level
a - Beastly Appendage     Tmut           44%        N/A       7%          1
b - Wereblood             Tmut           22%        N/A       9%          2
c - Spider Form           Tmut/Pois      6%         N/A       32%         3
d - Ice Form              Ice/Tmut       13%        N/A       65%         4

Your spell library contained the following spells:

 Spells                   Type           Power      Damage    Failure   Level
 Hydra Form               Tmut           11%        N/A       63%         5


Dungeon Overview and Level Annotations

Branches:
Dungeon (6/15)             Temple (1/1) D:4

Altars:
Ashenzari
Dithmenos
Elyvilon
Fedhas
Gozag
Hepliaklqana
Kikubaaqudgha
Okawaru
Ru
Sif Muna
Uskayaw
Wu Jian
Xom
Zin
The Shining One

Shops:
D:3 ?


Innate Abilities, Weirdness & Mutations

You are a venomous arachnid creature.
You have poisonous fangs.
You are tiny and dextrous.
Your spellcasting is less reliable in this form.
Your armour is entirely melded.
You are incapable of wielding weapons or throwing items.
((You have a pair of small horns on your head.))
You regenerate a little health from kills.
Spells you cast may paralyse nearby enemies.


Message History

You have reached level 9!
Your experience leads to an increase in your attributes!
Your base attributes are Str 12, Int 16, Dex 13.
Increase (S)trength, (I)ntelligence, or (D)exterity?
You feel clever.
You hit the yak.
You kill the yak!
You hit the yak.
The yak is poisoned.
The yak is lightly wounded.
The yak closely misses you.
You hit the yak.
The yak looks as sick as possible!
The yak is moderately wounded.
The yak gores you.
* * * LOW HITPOINT WARNING * * *
You hit the yak.
The yak looks as sick as possible!
The yak is heavily wounded.
The yak misses you.
You hit the yak.
The yak looks as sick as possible!
The yak is heavily wounded.
The yak completely misses you.
You hit the yak.
The yak is heavily wounded.
You bite the yak!
The yak is almost dead.
Your transformation is almost over.
The yak gores you.
* * * LOW HITPOINT WARNING * * *
You kill the yak!
Your transformation has ended.
Your +1 leather armour of fire resistance unmelds from your body.
You feel resistant to fire.
Casting: Spider Form (dangerous; 19% risk of failure)
Confirm with . or Enter, or press ? or * to list all spells.
You turn into a venomous arachnid creature.
Your +1 leather armour of fire resistance melds into your body.
You feel less resistant to fire. Malevolent energies surge around you.
You hit the yak.
The yak is lightly wounded.
The yak gores you!
You die...

##...##..............##..####
#.........#########......#...
#.......###..##...##.....#...
##...##.#...##.#.#.#.....'..Y
######...##.'._.#...#(.#...#.###.
.........##.#...##.#(#.#..##.##
.)).........###..##((.##.....>+
.)............#########.......#
########'##.....sY........#####
###..##.##.###.###+####..###
#.....#.........# #.....#
#.....#.[.......# ...#.....#
#[....#.........#....#.....#
#<)...#.........#....#.....# .
###...........###...###..###+# .
##[..#####...###...###..###.##.
#...## ##....................


You could see a yak and 4 dancing weapons.

Vanquished Creatures
  5 yaks (D:6)
  Edmund (D:3)
  An orc warrior (D:5)
  A black bear (D:5)
  2 ice beasts
  4 ogres
  A necrophage (D:3)
  A phantom (D:5)
  2 bullfrog zombies (D:5)
  2 hounds (D:5)
  A jelly (D:5)
  An iguana (D:4)
  3 orc wizards
  Ijyb (D:4)
  Natasha (thrice) (D:2)
  4 gnolls
  2 howler monkey skeletons (D:5)
  9 adders
  2 worms
  2 dart slugs
  11 orcs
  4 ball pythons
  7 endoplasms
  4 giant cockroaches
  8 goblins
  4 hobgoblins
  6 jackals
  7 kobolds
  2 quokkas
  6 bats
  4 frilled lizards
  5 rats
116 creatures vanquished.

Vanquished Creatures (others)
  A withered plant (D:2)
1 creature vanquished.

Grand Total: 117 creatures vanquished

Notes
Turn   | Place    | Note
-------+----------+-------------------------------------------
     0 | D:1      | Alarkh the Demonspawn Transmuter began the quest for the
                  | Orb.
     0 | D:1      | Reached XP level 1. HP: 15/15 MP: 3/3
    75 | D:1      | Gained mutation: You regenerate a little health from kills.
                  | [demonic ancestry]
    75 | D:1      | Reached XP level 2. HP: 10/21 MP: 3/5
    84 | D:1      | Reached skill level 3 in Unarmed Combat
   240 | D:1      | Learned a level 2 spell: Wereblood
   772 | D:2      | Noticed Natasha
   853 | D:2      | Found a faded altar of an unknown god.
   860 | D:2      | Reached XP level 3. HP: 26/26 MP: 6/6
   913 | D:1      | Learned a level 3 spell: Spider Form
  1173 | D:2      | Killed Natasha
  1304 | D:2      | Gained mutation: Spells you cast may paralyse adjacent
                  | enemies. [demonic ancestry]
  1304 | D:2      | Reached XP level 4. HP: 31/33 MP: 1/7
  1379 | D:2      | Noticed Natasha
  1445 | D:2      | Killed Natasha
  1588 | D:2      | Noticed Natasha
  1596 | D:2      | Killed Natasha
  1597 | D:2      | Gained mutation: Spells you cast may paralyse nearby
                  | enemies. [demonic ancestry]
  1597 | D:2      | Reached XP level 5. HP: 32/38 MP: 2/9
  1665 | D:2      | Reached skill level 4 in Unarmed Combat
  1882 | D:3      | Noticed a necrophage
  1905 | D:3      | Killed a necrophage
  2113 | D:3      | Found an iron altar of Okawaru.
  2206 | D:3      | Reached XP level 6. HP: 33/46 MP: 1/10
  2425 | D:3      | Found Vuilatusa's Magic Scroll Shoppe.
  2432 | D:3      | Bought a scroll of identify for 26 gold pieces
  2432 | D:3      | Bought a scroll of magic mapping for 45 gold pieces
  3152 | D:4      | Noticed Ijyb
  3155 | D:4      | Noticed Edmund
  3163 | D:4      | Killed Ijyb
  3461 | D:3      | Killed Edmund
  3462 | D:3      | Reached skill level 5 in Unarmed Combat
  3462 | D:3      | Reached XP level 7. HP: 21/52 MP: 7/12
  3541 | D:3      | Learned a level 4 spell: Ice Form
  3695 | D:4      | Found a basalt altar of Yredelemnul.
  3698 | D:4      | Found a broken altar of Ashenzari.
  3698 | D:4      | Found a shimmering altar of Xom.
  3701 | D:4      | Found a stormy altar of Qazlal.
  3701 | D:4      | Found a blossoming altar of Fedhas.
  3701 | D:4      | Found a sacrificial altar of Ru.
  3785 | D:4      | Found a staircase to the Ecumenical Temple.
  3860 | Temple   | Entered the Ecumenical Temple
  4212 | D:4      | Found an ornate altar of the Wu Jian Council.
  4469 | D:5      | Entered Level 5 of the Dungeon
  4935 | D:5      | Reached skill level 6 in Unarmed Combat
  4935 | D:5      | Gained mutation: You have a pair of small horns on your
                  | head. [demonic ancestry]
  4935 | D:5      | Reached XP level 8. HP: 51/60 MP: 11/14
  5593 | D:5      | Identified the ring of Puumionk {Wiz rF+++ rC- Stlth+}
  5788 | D:6      | Noticed a +0 falchion
  5975 | D:6      | Found a hide-covered altar of Uskayaw.
  5975 | D:6      | Noticed a +0 dagger
  5975 | D:6      | Noticed a +0 short sword
  5977 | D:6      | Noticed a +0 falchion
  5977 | D:6      | Noticed a +0 short sword
  6224 | D:6      | Noticed a +0 dagger
  6224 | D:6      | Noticed a +0 spear
  6225 | D:6      | Noticed a +0 spear
  6253 | D:6      | Reached skill level 7 in Unarmed Combat
  6263 | D:6      | Reached skill level 5 in Fighting
  6263 | D:6      | Reached skill level 5 in Spellcasting
  6263 | D:6      | Reached skill level 5 in Transmutations
  6277 | D:6      | Reached XP level 9. HP: 9/68 MP: 13/16
  6283 | D:6      | HP: 3/68 [yak (4)]
  6297 | D:6      | Slain by a yak

Illustrated notes

Levels and vault maps discovered:
D:1:      amcnicky_arrival_gap_in_the_tavern_cellar, layout_loops_ring,
          minmay_tree_intersection
D:2:      layout_loops_ring, ebering_ecumenical_altar_petrified, minivault_26,
          uniq_natasha
D:3:      layout_loops_ring, nicolae_overflow_crystal_walls, serial_shops, shop,
          minmay_misc_feat_four_crosses, hangedman_abyss_or_decor_stabs
D:4:      layout_gridville, doesnt_xom_only_xom, lemuel_coloured_pillars_altar,
          minmay_temple_entry_water_ring, uniq_edmund, uniq_ijyb
D:5:      layout_basic
D:6:      layout_gridville, nicolae_uskayaw_en_pointe, chei_slow_surprise,
          serial_shops, shop, minmay_misc_feat_tower, minmay_fire_ice_demons
Temple:   kb_temple_of_zot

Skill      XL: |  1  2  3  4  5  6  7  8 |
---------------+-------------------------+-----
Transmutations | 2 3 4 5 |  5.2
Unarmed Combat | 3 4 5 6 7 |  7.7
Fighting       | 2 3 4 5 |  5.4
Spellcasting   | 3 4 5 |  5.3
Dodging        | |  1.7

Action                   |  1- 3 |  4- 6 |  7- 9 || total
-------------------------+-------+-------+-------++-------
Melee: Unarmed           |    96 |   136 |   205 ||   437
       Kick              |    14 |     6 |    13 ||    33
       Headbutt          |     6 |     7 |    15 ||    28
       Punch             |       |       |     3 ||     3
 Cast: Beastly Appendage |    18 |    17 |    13 ||    48
       Spider Form       |     3 |    13 |    14 ||    30
  Use: Scroll            |     1 |     1 |     2 ||     4
       Potion            |     1 |       |       ||     1
 Stab: Sleeping          |       |     1 |       ||     1
       Paralysed         |       |     2 |     3 ||     5
Armor: Robe              |    10 |    11 |       ||    21
       Skin              |       |     2 |     3 ||     5
       Leather armour    |       |       |    23 ||    23
Dodge: Dodged            |    60 |    91 |   119 ||   270

Table legend: (Time is in decaauts)
 A = Elapsed time spent in this place.
 B = Non-inter-level travel time spent in this place.
 C = Inter-level travel time spent in this place.
 D = Time resting spent in this place.
 E = Time spent auto-exploring this place.
 F = Levels seen in this place.
 G = Mean time per level.
                   A        B        C        D        E       F      G
               +--------+--------+--------+--------+--------+-----+--------+
         Total |   6267 |   5827 |    440 |   1034 |   3737 |   7 |  895.3 |
       Dungeon |   6159 |   5736 |    423 |   1034 |   3645 |   6 | 1026.5 |
        Temple |    108 |     92 |     16 |      0 |     92 |   1 |  108.0 |
               +--------+--------+--------+--------+--------+-----+--------+

Top non-repeatable levels by time:
     D:4: 1357 daAuts
     D:3: 1229 daAuts
     D:2: 1110 daAuts
     D:1: 1029 daAuts
     D:5: 945 daAuts
     D:6: 486 daAuts
  Temple: 108 daAuts
